 Dungeon Crawl Stone Soup version 0.28.0 (webtiles) character file.

Game seed: 6492440665107976453

383 harry2680 the Covered (level 7, -6/54 HPs)
             Began as a Human Fighter on Feb 17, 2022.
             Mangled by Pikel (9 damage)
             ... on level 4 of the Dungeon.
             The game lasted 00:10:42 (3378 turns).

harry2680 the Covered (Human Fighter)               Turns: 3378, Time: 00:10:48

Health: -6/54      AC:  7    Str: 18    XL:     7   Next: 5%
Magic:  7/7        EV: 10    Int:  8    God:
Gold:   188        SH:  5    Dex: 13    Spells: 6/6 levels left

rFire   + . .      SeeInvis .   a - +0 war axe
rCold   . . .      Faith    .   c - +0 buckler
rNeg    . . .      Spirit   .   b - +0 scale mail
rPois   .          Reflect  .   (no helmet)
rElec   .          Harm     .   (no cloak)
rCorr   .          Rampage  .   (no gloves)
Will    .....                   (no boots)
Stlth   ..........              (no amulet)
HPRegen 0.18/turn               g - ring of protection from fire
MPRegen 0.10/turn               (no ring)

@: no status effects
A: no striking features
a: no special abilities


You were on level 4 of the Dungeon.
You visited 1 branch of the dungeon, and saw 5 of its levels.

You collected 188 gold pieces.

Inventory:

Hand Weapons
 a - a +0 war axe (weapon)
 i - a +2 whip of flaming
Missiles
 h - 42 stones (quivered)
 p - 17 arrows
Armour
 b - a +0 scale mail (worn)
 c - a +0 buckler (worn)
 l - a +0 ring mail
 u - an orb of guile
 v - a +0 buckler
Jewellery
 g - a ring of protection from fire (left hand)
 n - an amulet of guardian spirit
Scrolls
 d - a scroll of amnesia {unknown}
 e - 3 scrolls of teleportation
 f - a scroll of blinking
 j - a scroll of torment {unknown}
 o - 2 scrolls of identify
 q - a scroll of noise {unknown}
Potions
 k - a potion of lignification {unknown}
 m - a potion of curing
 r - a potion of brilliance
 s - a potion of flight {unknown}
 t - a potion of attraction {unknown}


   Skills:
 + Level 4.2 Fighting
 + Level 3.5 Axes
 + Level 4.2 Armour
 + Level 2.7 Dodging
 + Level 4.1 Shields


You had 6 spell levels left.
You didn't know any spells.
Your spell library contained the following spells:

 Spells                   Type           Power      Damage    Failure   Level
 Magic Dart               Conj           0%         1d3       86%         1
 Call Imp                 Summ           0%         N/A       95%         2
 Mephitic Cloud           Conj/Pois/Air  0%         N/A       99%         3


Dungeon Overview and Level Annotations

Branches:
Dungeon (5/15)
 Temple: D:4-7

Altars:
Sif Muna

Annotations:
D:4 Pikel


Message History

As you read the scroll of blinking, it crumbles to dust.
Pikel shouts!
The hobgoblin shouts!
You block the lemure's attack. The lemure hits you! You block Pikel's attack.
Okay, then.
You closely miss Pikel.
You closely miss the lemure. x2; The lemure hits you.
The lemure hits you but does no damage. You block Pikel's attack.
The lemure hits you. The lemure barely misses you.
You barely miss Pikel. You hit the lemure but do no damage. x2
You miss the lemure. Pikel barely misses you. The lemure hits you.
The lemure hits you! The lemure hits you but does no damage.
The lemure hits you. You block Pikel's attack.
The lemure hits you but does no damage.
You closely miss Pikel. You slash the lemure! You closely miss the lemure.
You hit the lemure. You hit the lemure but do no damage.
You block the lemure's attack. The lemure closely misses you.
The lemure hits you but does no damage.
Pikel hits you with a +0 whip of flaming.
The lemure hits you.
You closely miss Pikel. You slash the lemure! You closely miss the lemure. x2
You miss the lemure. You block the lemure's attack. The lemure hits you.
The lemure hits you but does no damage. Pikel closely misses you.
The lemure hits you but does no damage. You block the lemure's attack.
The lemure hits you.
You hit Pikel.
Pikel is lightly wounded.
You barely miss the lemure. You hit the lemure. x2
You closely miss the lemure.
Pikel hits you with a +0 whip of flaming!
* * * LOW HITPOINT WARNING * * *
The lemure barely misses you.
The lemure hits you but does no damage. x2
You block the lemure's attack. The lemure hits you.
* * * LOW HITPOINT WARNING * * *
Pikel completely misses you. The lemure hits you but does no damage.
You closely miss Pikel.
Pikel is lightly wounded.
You hit the lemure. x2; You closely miss the lemure. x2
The lemure barely misses you. You block the lemure's attack.
The lemure barely misses you.
Pikel hits you with a +0 whip of flaming!
You die...

#.....).......+
#.....#.......######
#.....#####........##
###>รท.....+........'
#.#######........#
#)# #........# #.#
#........# #.#
#....555.# #.#
#.....@K.# #.#
#######5## ... .# ..[
.. ... #.. ### .. ..


You could see Pikel and 4 lemures.

Vanquished Creatures
  Sigmund (D:2)
  A jelly (D:4)
  An orc priest (D:3)
  Natasha (thrice) (D:2)
  4 gnolls (D:2)
  2 dart slugs
  3 orcs (D:3)
  6 ball pythons
  4 endoplasms
  2 giant cockroaches (D:2)
  6 hobgoblins
  2 jackals (D:1)
  8 kobolds
  4 quokkas
  2 bats (D:1)
  A frilled lizard (D:1)
  4 goblins
  5 rats
59 creatures vanquished.

Notes
Turn   | Place    | Note
-------+----------+-------------------------------------------
     0 | D:1      | harry2680 the Human Fighter began the quest for the Orb.
     0 | D:1      | Reached XP level 1. HP: 18/18 MP: 1/1
   449 | D:1      | Reached XP level 2. HP: 24/24 MP: 2/2
   988 | D:1      | Reached XP level 3. HP: 29/29 MP: 3/3
  1180 | D:1      | Reached skill level 1 in Dodging
  1563 | D:2      | Found a shimmering blue altar of Sif Muna.
  1584 | D:2      | Reached XP level 4. HP: 31/35 MP: 4/4
  1818 | D:2      | Noticed Natasha
  1834 | D:2      | Killed Natasha
  1835 | D:2      | Reached XP level 5. HP: 17/41 MP: 5/5
  1965 | D:2      | Noticed Natasha
  1977 | D:2      | Killed Natasha
  2082 | D:2      | Noticed Natasha
  2179 | D:2      | Killed Natasha
  2294 | D:2      | Noticed Sigmund
  2300 | D:2      | Killed Sigmund
  2301 | D:2      | Reached XP level 6. HP: 48/48 MP: 6/6
  2646 | D:3      | Found a faded altar of an unknown god.
  2648 | D:3      | Noticed an eye of devastation
  2648 | D:3      | Noticed a great orb of eyes
  2649 | D:3      | Noticed a great orb of eyes
  2649 | D:3      | Noticed a golden eye
  3024 | D:3      | You fall into a shaft and drop 2 floors!
  3024 | D:5      | Entered Level 5 of the Dungeon
  3126 | D:4      | Reached XP level 7. HP: 11/54 MP: 7/7
  3371 | D:4      | Noticed Pikel
  3377 | D:4      | HP: 2/54 [lemure[Pikel] (6)]
  3378 | D:4      | Mangled by Pikel

Illustrated notes

Levels and vault maps discovered:
D:1:      amcnicky_arrival_blooded_trapdoor, layout_basic, minivault_27,
          chequers_serial_rivers_room_a
D:2:      layout_rooms, basic_altar, uniq_sigmund, uniq_natasha
D:3:      layout_loops_corners, hellmonk_ecumenical_altar_watching_god
D:4:      layout_basic, nicolae_vehumet_altar_sigil,
          minmay_temple_entry_from_below_b, uniq_crazy_yiuf_cottage, uniq_pikel
D:5:      kennysheep_windowed_halls, layout_loops_corners,
          nicolae_overflow_crystal_walls, serial_shops, nicolae_square_shop

Skill      XL: |  1  2  3  4  5 |
---------------+----------------+-----
Dodging        | 1 2 |  2.7
Fighting       | 4 |  4.2
Axes           | 3 |  3.5
Armour         | 4 |  4.2
Shields        | 4 |  4.1

Action                   |  1- 3 |  4- 6 |  7- 9 || total
-------------------------+-------+-------+-------++-------
Melee: War axe           |    95 |   105 |     6 ||   206
Throw: Stone             |       |       |     1 ||     1
  Use: Scroll            |     1 |     2 |     1 ||     4
       Potion            |       |     2 |       ||     2
Armor: Scale mail        |    43 |    44 |     9 ||    96
Dodge: Dodged            |    52 |    36 |     8 ||    96
Block: Buckler           |    29 |    39 |     9 ||    77
